 Dungeon Crawl Stone Soup version 0.30-a0-808-g6e0788376e (webtiles) character file.

Game seed: 14299856105224920721

10789 cforsyth the Covert (level 11, -1/64 HPs)
             Began as a Kobold Brigand on Feb 25, 2023.
             Was a Priest of Hepliaklqana.
             Slain by a skeletal warrior
             ... wielding a +0 flail
              (28 damage)
             ... on level 11 of the Dungeon.
             The game lasted 00:21:49 (12822 turns).

cforsyth the Covert (Kobold Brigand)               Turns: 12822, Time: 00:21:50

Health: -1/64      AC:  9    Str: 11    XL:     11   Next: 99%
Magic:  11/11      EV: 23    Int: 13    God:    Hepliaklqana [***...]
Gold:   623        SH:  0    Dex: 21    Spells: 10/10 levels left

rFire   + . .      SeeInvis .    F - +8 demon blade "Leech" {evervamp, Harm Drain rN+}
rCold   . . .      Faith    .    (no shield)
rNeg    + . .      Spirit   .    A - +0 steam dragon scales
rPois   .          Reflect  .    B - +0 helmet
rElec   .          Harm     +    c - +0 cloak
rCorr   .          Rampage  .    h - +0 pair of gloves {Str+3}
Will    .....                    t - +0 pair of boots
Stlth   +++++++                  G - amulet of the acrobat
HPRegen 0.30/turn                r - ring of protection from fire
MPRegen 0.12/turn                (no ring)

@: about to teleport
A: reduced essence, small, no large weapons, nightstalker 3
a: Renounce Religion, Recall Ancestor, Ancestor Identity, Transference


You were on level 11 of the Dungeon.
You worshipped Hepliaklqana.
Hepliaklqana was most pleased with you.
You visited 2 branches of the dungeon, and saw 12 of its levels.
You also visited: Sewer and Bailey.

You collected 623 gold pieces.

Inventory:

Hand Weapons
 a - a +2 dagger
 w - a +0 rapier
 F - the +8 demon blade "Leech" (weapon) {evervamp, Harm Drain rN+}
   (You acquired it in a bailey)

   rN:        It protects you from negative energy.
   Drain:     It drains your maximum health when unequipped.
   Harm:      It increases damage dealt and taken.
Missiles
 b - 2 throwing nets
 d - 12 poisoned darts (quivered)
 e - 3 curare-tipped darts
Armour
 c - a +0 cloak (worn)
 h - a +0 pair of gloves of strength (worn)
 n - a scarf of invisibility
 t - a +0 pair of boots (worn)
 A - +0 steam dragon scales (worn)
 B - a +0 helmet (worn)
Jewellery
 r - a ring of protection from fire (left hand)
 z - an amulet of magic regeneration
 G - an amulet of the acrobat (around neck)
 L - a ring of positive energy
Wands
 s - a wand of digging (3)
 u - a wand of paralysis (5)
 J - a wand of iceblast (9)
Scrolls
 y - 2 scrolls of amnesia
 C - 2 scrolls of fog
 H - 4 scrolls of identify
 I - a scroll of silence {unknown}
 K - a scroll of poison {unknown}
Potions
 f - 5 potions of flight
 g - a potion of magic {unknown}
 i - 2 potions of lignification
 j - a potion of might
 k - a potion of ambrosia {unknown}
 l - 6 potions of curing
 m - 4 potions of heal wounds
 o - 2 potions of haste
 q - a potion of invisibility {unknown}
 v - 2 potions of mutation {unknown}
 x - 2 potions of cancellation {unknown}
 D - 2 potions of resistance {unknown}
 E - a potion of berserk rage {unknown}
 M - 2 potions of brilliance {unknown}


   Skills:
 + Level 10.2 Fighting
 - Level 10.4(11.1) Short Blades
 + Level 3.7(5.7) Long Blades
 - Level 2.1 Throwing
 + Level 11.0 Dodging
 + Level 13.8 Stealth


You had 10 spell levels left.
You didn't know any spells.
Your spell library contained the following spells:

 Spells                   Type           Power      Damage    Failure   Level
 Frozen Ramparts          Ice            0%         1d1       67%         3
 Ice Form                 Ice/Tmut       0%         N/A       97%         4
 Summon Ice Beast         Ice/Summ       0%         N/A       97%         4
 Alistair's Intoxication  Tmut/Pois      0%         N/A       100%        5
 Borgnjor's Vile Clutch   Necr/Erth      0%         N/A       100%        5
 Eringya's Noxious Bog    Tmut/Pois      0%         N/A       100%        6


Dungeon Overview and Level Annotations

Branches:
Dungeon (11/15)            Temple (1/1) D:5           Sewer (visited)
 Bailey (visited)
   Lair: D:8-11         Orc: D:9-12

Altars:
Ashenzari
Cheibriados
Dithmenos
Elyvilon
Fedhas
Gozag
Hepliaklqana
Kikubaaqudgha
Makhleb
Nemelex Xobeh
Okawaru
Qazlal
Ru
Sif Muna
Trog
Uskayaw
Vehumet
Wu Jian
Xom
Yredelemnul
Zin
The Shining One

Shops:
D:9 (

Portals:
Trove: D:10 (give 18 potions of curing)

Annotations:
D:4 2 transporters
D:6 1 runed translucent door, Crazy Yiuf


Innate Abilities, Weirdness & Mutations

Your life essence is reduced to manifest your ancestor. (-10% HP)
You are small and have problems with some larger weapons.
You are completely attuned to the shadows.


Message History

Edwyna hits the skeletal warrior with a +0 dagger of draining.
Edwyna closely misses the skeletal warrior.
The skeletal warrior hits Edwyna with a +0 flail!
Edwyna is destroyed!
A skeletal warrior comes into view. It is wielding a +0 dire flail.
You hit the skeletal warrior.
The skeletal warrior is moderately damaged.
The skeletal warrior hits you but does no damage.
You slash the skeletal warrior! You punch the skeletal warrior.
The skeletal warrior is heavily damaged.
The skeletal warrior misses you. x2
You hit the skeletal warrior but do no damage.
The skeletal warrior is heavily damaged.
The skeletal warrior closely misses you.
The skeletal warrior hits you with a +0 hand axe!
You hit the skeletal warrior but do no damage.
The skeletal warrior is heavily damaged.
The skeletal warrior hits you with a +0 dire flail.
The skeletal warrior hits you with a +0 hand axe!!
* * * LOW HITPOINT WARNING * * *
You are too injured to fight recklessly!
You are too injured to fight recklessly!
The skeletal warrior attacks as you move away!
The skeletal warrior misses you. x2
The skeletal warrior attacks as you move away!
The skeletal warrior hits you but does no damage.
The skeletal warrior attacks as you move away!
The skeletal warrior completely misses you.
As you read the scroll of teleportation, it crumbles to dust.
You feel strangely unstable.
The skeletal warrior attacks as you move away!
The skeletal warrior hits you with a +0 hand axe!
* * * LOW HITPOINT WARNING * * *
Unknown command.
You feel much better.
The skeletal warrior hits you with a +0 dire flail!
The skeletal warrior completely misses you.
The skeletal warrior attacks as you move away!
The skeletal warrior hits you with a +0 flail!!
You die...

....#####..###..# #
#...#####.......#####
.....R...............
.....############....
#........... #....
.....#...... #....
..#........ #....
..#......### ##....
##@#.....#. #.....
#.zz#.#.... #.....
#.z..z..... #...##
.....#...... #...##
...#####.... #.....
... .... #..... .#..
#..).. .#.. #))...
#.)..#


You could see 4 skeletal warriors.

Vanquished Creatures
  2 two-headed ogres
  2 orc knights (Bailey)
  Joseph (D:7)
  4 hornets
  Grinder (D:3)
  Sigmund (D:2)
  5 yaks (D:10)
  A wyvern (D:9)
  A wraith (D:10)
  Menkaure (D:5)
  A water moccasin (D:8)
  11 orc warriors
  2 sky beasts
  3 black bears
  4 ogres
  A centaur (D:9)
  2 phantoms
  Blork the orc (D:4)
  3 bullfrogs
  4 gnoll sergeants
  2 scorpions
  4 killer bees (D:8)
  3 electric eels
  3 howler monkeys (D:10)
  2 hounds
  10 jellies
  8 orc priests
  Ijyb (D:3)
  5 iguanas
  4 orc wizards
  15 gnolls
  7 adders
  2 white imps
  2 ufetubi
  3 worms
  5 dart slugs
  36 orcs
  14 ball pythons
  8 bats
  10 endoplasms
  9 giant cockroaches
  6 goblins
  8 hobgoblins
  4 jackals (D:4)
  7 quokkas
  4 frilled lizards
  15 kobolds
  14 rats
262 creatures vanquished.

Vanquished Creatures (collateral kills)
  Harold (D:9)
  2 steam dragons
  2 sky beasts
  An ogre (D:5)
  A kobold brigand (D:6)
  A bullfrog (D:9)
  A necrophage (D:6)
  A scorpion (D:6)
  4 electric eels
  A howler monkey (D:10)
  A hound (D:5)
  A jelly (Sewer)
  4 gnolls
  An adder (D:6)
  2 orcs (D:7)
  2 endoplasms (Sewer)
  A giant cockroach (Sewer)
  A quokka (D:6)
  A ball python (Sewer)
  A kobold (D:6)
30 creatures vanquished.

Vanquished Creatures (others)
  An ancestor (Bailey)
  A hexer (D:11)
  29 plants
31 creatures vanquished.

Grand Total: 323 creatures vanquished

Notes
Turn   | Place    | Note
-------+----------+-------------------------------------------
     0 | D:1      | cforsyth the Kobold Brigand began the quest for the Orb.
     0 | D:1      | Reached XP level 1. HP: 12/12 MP: 1/1
    39 | D:1      | Reached XP level 2. HP: 18/18 MP: 2/2
   146 | D:1      | Reached XP level 3. HP: 20/22 MP: 3/3
   822 | D:2      | Reached skill level 6 in Stealth
   822 | D:2      | Reached XP level 4. HP: 27/27 MP: 4/4
   889 | D:2      | Found a shimmering altar of Xom.
   930 | D:2      | Noticed Sigmund
  1166 | D:2      | Killed Sigmund
  1167 | D:2      | Reached XP level 5. HP: 33/33 MP: 5/5
  1167 | D:2      | Reached XP level 6. HP: 38/38 MP: 6/6
  1905 | D:3      | Found a stormy altar of Qazlal.
  1981 | D:3      | Reached skill level 7 in Stealth
  2093 | D:3      | Noticed Ijyb
  2097 | D:3      | Killed Ijyb
  2122 | D:3      | Found a blossoming altar of Fedhas.
  2257 | D:3      | Noticed Grinder
  2261 | D:3      | Killed Grinder
  2262 | D:3      | Reached skill level 5 in Short Blades
  2262 | D:3      | Reached XP level 7. HP: 44/44 MP: 7/7
  2763 | D:4      | Noticed Blork the orc
  2767 | D:4      | Killed Blork the orc
  2891 | D:4      | Reached XP level 8. HP: 15/48 MP: 8/8
  3151 | D:4      | Noticed a two-headed ogre
  3154 | D:4      | Killed a two-headed ogre
  3155 | D:4      | Reached skill level 5 in Fighting
  3155 | D:4      | Reached skill level 9 in Stealth
  3393 | D:4      | Found a transporter.
  3415 | D:4      | Found a transporter.
  3729 | D:5      | Entered Level 5 of the Dungeon
  3735 | D:5      | Reached XP level 9. HP: 55/55 MP: 9/9
  3829 | D:5      | Found a staircase to the Ecumenical Temple.
  3850 | Temple   | Entered the Ecumenical Temple
  3908 | Temple   | Became a worshipper of Hepliaklqana the Forgotten
  4456 | D:5      | Noticed Menkaure
  4460 | D:5      | Killed Menkaure
  4837 | D:5      | Reached skill level 10 in Stealth
  5208 | D:6      | Found a runed translucent door.
  5211 | D:6      | Noticed Crazy Yiuf
  5260 | D:6      | HP: 2/56 [gnoll/+0 whip[a gnoll sergeant] (6)]
  5351 | D:6      | Found a glowing drain.
  5361 | Sewer    | Entered a sewer
  5458 | Sewer    | Reached * piety under Hepliaklqana
  5579 | Sewer    | Found a viscous altar of Jiyva.
  5882 | D:5      | Reached XP level 10. HP: 10/56 MP: 7/10
  6481 | D:6      | Reached skill level 11 in Stealth
  7558 | D:7      | Noticed Joseph
  7610 | D:7      | Found a flagged portal.
  7611 | D:7      | Killed Joseph
  7635 | Bailey   | Entered a bailey
  8099 | Bailey   | Reached skill level 10 in Short Blades
  8379 | Bailey   | Noticed an orc knight
  8379 | Bailey   | Noticed an orc knight
  8380 | Bailey   | HP: 1/58 [orc knight/+0 glaive (40)]
  8700 | Bailey   | Reached skill level 12 in Stealth
  8713 | Bailey   | Killed an orc knight
  8815 | Bailey   | Acquired the +8 demon blade "Leech" {evervamp, Harm Drain
                  | rN+}
  8815 | Bailey   | Found the +8 demon blade "Leech" {evervamp, Harm Drain rN+}
  8882 | Bailey   | Killed an orc knight
  8883 | Bailey   | Reached skill level 1 in Long Blades
  8883 | Bailey   | Reached XP level 11. HP: 54/63 MP: 11/11
  9165 | D:7      | Reached ** piety under Hepliaklqana
  9166 | D:7      | Remembered your ancestor Edwyna as a hexer
  9747 | D:8      | Reached skill level 10 in Dodging
 10630 | D:9      | Reached skill level 13 in Stealth
 10932 | D:9      | Found Fohussiq's Antique Weapon Shop.
 11203 | D:9      | Noticed Harold
 11211 | D:9      | Killed Harold
 11537 | D:10     | Entered Level 10 of the Dungeon
 11546 | D:10     | Found a glowing silver altar of Zin.
 11816 | D:10     | Reached *** piety under Hepliaklqana
 12010 | D:10     | Noticed a two-headed ogre
 12015 | D:10     | Killed a two-headed ogre
 12016 | D:10     | Reached skill level 10 in Fighting
 12224 | D:10     | Found a portal to a secret trove of treasure.
 12250 | D:10     | Found a burning altar of Makhleb.
 12266 | D:10     | Noticed a two-headed ogre
 12804 | D:11     | Noticed a skeletal warrior
 12805 | D:11     | Noticed a skeletal warrior
 12809 | D:11     | Noticed a skeletal warrior
 12811 | D:11     | Noticed a skeletal warrior
 12811 | D:11     | Noticed a skeletal warrior
 12822 | D:11     | Slain by a skeletal warrior

Illustrated notes

Levels and vault maps discovered:
D:1:      minmay_arrival_diagonal_passages, layout_loops_ring,
          amcnicky_mini_pool_small
D:2:      layout_basic, basic_altar, minmay_misc_feat_doors,
          ebering_dispersal_statue_hall, st_stairs_8, uniq_sigmund
D:3:      layout_basic, mainiacjoe_overflow_concentric_impassable,
          nicolae_qazlal_eye_of_the_storm, uniq_grinder, uniq_ijyb
D:4:      gammafunk_wand_slinger, layout_gridville,
          chequers_serial_rivers_room_b, uniq_blork_the_orc
D:5:      layout_gridville, minmay_temple_entry_statues_pillars, uniq_menkaure
D:6:      layout_rooms, portal_sewer_entry_f, minivault_26, minmay_hedge_maze,
          st_stairs_1, uniq_crazy_yiuf_cottage
D:7:      layout_loops_cross, enter_bailey_2, uniq_joseph
D:8:      layout_basic, st_stairs_7
D:9:      layout_long_grid, serial_shops, shop, serial_bayou_lake_a, uniq_harold
D:10:     layout_loops_corners, mainiacjoe_overflow_tiny_flanked,
          kennysheep_mini_moat, nicolae_trove_entry_diagonal,
          serial_bayou_lagoon_b
D:11:     nzn_motion_control, layout_stronghold, erik_lair_island, orc_0_dummy,
          hangedman_decor_lopped
Temple:   hc_temple_tempest_star

Skill      XL: |  1  2  3  4  5  6  7  8  9 10 11 |
---------------+----------------------------------+-----
Short Blades   | 3 4 5 7 9 10 | 10.4
Dodging        | 2 3 4 6 7 9 11 | 11.0
Stealth        | 6 7 9 10 12 13 | 13.8
Fighting       | 3 4 6 7 9 10 | 10.2
Long Blades    | 1 3 |  3.7
Throwing       | |  2.1

Action                     |  1- 3 |  4- 6 |  7- 9 | 10-12 || total
---------------------------+-------+-------+-------+-------++-------
  Melee: Dagger            |    42 |    94 |   307 |   358 ||   801
         Punch             |       |     4 |     9 |    10 ||    23
         Demon blade       |       |       |       |   147 ||   147
 Invoke: Recall Ancestor   |       |       |     1 |     2 ||     3
         Ancestor Life: He |       |       |       |     1 ||     1
  Evoke: Wand              |       |       |       |     4 ||     4
    Use: Potion            |       |       |     4 |     2 ||     6
         Scroll            |       |       |     8 |     4 ||    12
   Stab: Sleeping          |    27 |    22 |    40 |    24 ||   113
         Distracted        |       |     2 |     4 |     7 ||    13
         Paralysed         |       |       |       |     1 ||     1
         Confused          |       |       |       |     5 ||     5
 Armour: Robe              |     2 |    14 |    39 |       ||    55
         Skin              |       |       |    15 |       ||    15
         Steam dragon scal |       |       |       |    66 ||    66
  Dodge: Dodged            |     6 |    63 |   187 |   372 ||   628

Table legend: (Time is in decaauts)
 A = Elapsed time spent in this place.
 B = Non-inter-level travel time spent in this place.
 C = Inter-level travel time spent in this place.
 D = Time resting spent in this place.
 E = Time spent auto-exploring this place.
 F = Levels seen in this place.
 G = Mean time per level.
                   A        B        C        D        E       F      G
               +--------+--------+--------+--------+--------+-----+--------+
         Total |  12632 |  12205 |    427 |   1373 |   8324 |  14 |  902.3 |
       Dungeon |  10895 |  10484 |    411 |   1143 |   7352 |  11 |  990.5 |
        Temple |    173 |    157 |     16 |      0 |    127 |   1 |  173.0 |
         Sewer |    322 |    322 |      0 |      0 |    190 |   1 |  322.0 |
        Bailey |   1241 |   1241 |      0 |    230 |    655 |   1 | 1241.0 |
               +--------+--------+--------+--------+--------+-----+--------+

Top non-repeatable levels by time:
     D:5: 1630 daAuts
     D:4: 1348 daAuts
  Bailey: 1241 daAuts
     D:9: 1233 daAuts
    D:10: 1230 daAuts
     D:6: 1206 daAuts
     D:2: 1116 daAuts
     D:3: 817 daAuts
     D:7: 780 daAuts
     D:8: 752 daAuts
     D:1: 687 daAuts
   Sewer: 322 daAuts
  Temple: 173 daAuts
    D:11: 91 daAuts
